 Dungeon Crawl Stone Soup version 0.32-a0-975-g85d4e5bfdb (webtiles) character file.

Game seed: 14620248333980067978

44 Cancer the Changeling (level 3, -1/23 HPs)
             Began as an Octopode Shapeshifter on Apr 18, 2024.
             Slain by a goblin
             ... wielding a +0 club
              (4 damage)
             ... on level 3 of the Dungeon.
             The game lasted 00:03:53 (1976 turns).

Cancer the Changeling (Octopode Shapeshifter)       Turns: 1976, Time: 00:03:53

Health: -1/23      AC:  1    Str: 15    XL:     3   Next: 60%
Magic:  0/3        EV: 12    Int: 18    God:
Gold:   66         SH:  0    Dex: 11    Spells: 2/2 levels left

rFire   . . .        m - +0 dagger (vamp)
rCold   . . .        (no shield)
rNeg    . . .        w - melded +2 hat
rPois   .            f - amulet of guardian spirit
rElec   .            h - +6 ring of intelligence
rCorr   .            (no ring)
SInv    .            (no ring)
Will    .....        (no ring)
Stlth   +++          (no ring)
HPRegen 0.23/turn    (no ring)
MPRegen 0.08/turn    (no ring)
                     (no ring)

%: guardian spirit
@: beast-form
A: beast (slay +2), almost no armour, amphibious, 8 rings, camouflage 1,
gelatinous body 1, (nimble swimmer 1), tentacles
a: Begin Untransformation


You were on level 3 of the Dungeon.
You were a hulking beast.
You visited 1 branch of the dungeon, and saw 3 of its levels.

You collected 66 gold pieces.

Inventory:

Hand Weapons
 m - a +0 vampiric dagger (weapon)
Armour
 j - a +0 buckler
 w - a +2 hat (melded)
Magical Staves
 r - a staff of cold
Jewellery
 e - a ring of ice
 f - an amulet of guardian spirit (around mantle)
 h - a +6 ring of intelligence (left tentacle)
Talismans
 b - a beast talisman (active)
 c - a flux talisman
Scrolls
 d - 3 scrolls of blinking {unknown}
 g - 3 scrolls of teleportation {unknown}
 i - a scroll of revelation {unknown}
 k - 3 scrolls of identify {unknown}
 n - a scroll of enchant armour {unknown}
 o - a scroll of poison {unknown}
 t - a scroll of fog {unknown}
 u - a scroll of noise {unknown}
Potions
 a - 2 potions of lignification
 l - a potion of haste {unknown}
 p - a potion of heal wounds {unknown}
 q - a potion of attraction {unknown}
 s - a potion of berserk rage {unknown}
 v - a potion of degeneration {unknown}


   Skills:
 - Level 1.4 Fighting
 - Level 2.2 Dodging
 + Level 1.8 Stealth
 - Level 3.1 Unarmed Combat
 + Level 3.6 Shapeshifting


You had 2 spell levels left.
You didn't know any spells.
Your spell library contained the following spells:

 Spells                   Type           Power      Damage    Failure   Level
 Magic Dart               Conj           0%         1d3       22%         1
 Blink                    Tloc           0%         N/A       32%         2
 Call Imp                 Summ           0%         N/A       32%         2


Dungeon Overview and Level Annotations

Branches:
Dungeon (3/15)

Altars:


Innate Abilities, Weirdness & Mutations

You are a hulking beast.
Your limbs bulge with bestial killing power. (Slay +2)
You cannot wear most types of armour.
You are amphibious.
You can wear up to eight rings at the same time.
Your skin changes colour to match your surroundings (Stealth+).
Your rubbery body absorbs attacks. (AC +1, EV +1)
((You are camouflaged when in or above water. (Stealth+)))
You have tentacles for arms and can constrict up to eight enemies at once.


Message History

You kill the bat!
The goblin shouts!
The frilled lizard barely misses you.
An orc comes into view. It is wielding a +0 mace.
You hear a loud squeak.
You hit the frilled lizard.
You kill the frilled lizard!
A rat comes into view.
Unknown command.
The orc hits you with a +0 short sword.
Unknown command.
You hit the orc. Your grab misses the orc.
The orc is moderately wounded.
The orc closely misses you. The goblin hits you with a +0 club.
Unknown command.
You hit the orc but do no damage. Your grab misses the orc.
Your squeeze misses the orc.
The orc is moderately wounded.
The orc hits you with a +0 short sword. The goblin hits you with a +0 club.
Unknown command.
You hit the orc.
You feel better.
You kill the orc!
The orc hits you with a +0 club. The goblin hits you with a +0 club.
Unknown command.
You hit the orc.
You feel better.
Your grab misses the orc.
The orc is almost dead.
The goblin hits you with a +0 club. The rat bites you.
Unknown command.
You are too injured to fight recklessly!
Unknown command.
You are too injured to fight recklessly!
Unknown command.
The orc hits you with a +0 club. The goblin attacks as it pursues you!
The goblin closely misses you. The goblin hits you with a +0 club.
* * * LOW HITPOINT WARNING * * *
The orc attacks as it pursues you! The orc hits you with a +0 club.
* * * LOW HITPOINT WARNING * * *
The goblin attacks as it pursues you! The goblin hits you with a +0 club.
You die...

........# ..
........# .#
........###.#
............###..
........#.......[
..##.####.#######
..##..##..# ...
.........##.....
###.##..h...$...
#....g##......
###.oo.#......
##.r........
##.>#......
...........
##..........
##.#.......
........!.


You could see 2 orcs, a goblin and a rat.

Vanquished Creatures
  2 ribbon worms (D:2)
  A dart slug (D:2)
  An orc (D:3)
  A ball python (D:1)
  2 endoplasms (D:1)
  2 giant cockroaches (D:2)
  6 goblins
  6 hobgoblins (D:1)
  5 bats
  2 frilled lizards
  2 kobolds
  2 rats (D:1)
32 creatures vanquished.

Notes
Turn   | Place    | Note
-------+----------+-------------------------------------------
     0 | D:1      | Cancer the Octopode Shapeshifter began the quest for the
                  | Orb.
     0 | D:1      | Reached XP level 1. HP: 13/13 MP: 1/1
   204 | D:1      | Reached XP level 2. HP: 14/18 MP: 2/2
  1201 | D:2      | Reached XP level 3. HP: 23/23 MP: 3/3
  1251 | D:2      | Reached skill level 1 in Stealth
  1976 | D:3      | Slain by a goblin

Illustrated notes

Levels and vault maps discovered:
D:1:      eino_arrival_cavern_a, layout_basic
D:2:      layout_basic, nicolae_eternal_life
D:3:      layout_rooms, dreamdust_ecumenical_altar_statues,
          chequers_serial_rivers_large_b

Skill      XL: |  1  2  3 |
---------------+----------+-----
Stealth        | 1 |  1.8
Fighting       | |  1.4
Dodging        | |  2.2
Unarmed Combat | |  3.1
Shapeshifting  | |  3.6

Action                     || total
---------------------------++-------
  Melee: Unarmed           ||    16
         Constrict         ||    13
         Dagger            ||    42
         Tentacles         ||     5
Ability: Begin Untransform ||     1
   Stab: Sleeping          ||     7
 Armour: Skin              ||    32
  Dodge: Dodged            ||    21
   Form: Beast             ||     1

Table legend: (Time is in decaauts)
 A = Elapsed time spent in this place.
 B = Non-inter-level travel time spent in this place.
 C = Inter-level travel time spent in this place.
 D = Time resting spent in this place.
 E = Time spent auto-exploring this place.
 F = Levels seen in this place.
 G = Mean time per level.
                   A        B        C        D        E       F      G
               +--------+--------+--------+--------+--------+-----+--------+
         Total |   1973 |   1844 |    129 |      0 |   1562 |   3 |  657.7 |
       Dungeon |   1973 |   1844 |    129 |      0 |   1562 |   3 |  657.7 |
               +--------+--------+--------+--------+--------+-----+--------+

Top non-repeatable levels by time:
     D:1: 1171 daAuts
     D:2: 778 daAuts
     D:3: 22 daAuts
